 Dungeon Crawl Stone Soup version 0.27.1-15-g792fb953b9 (webtiles) character file.

Game seed: 13195376970712342308

32 spaced the Gusty (level 3, -3/19 HPs)
             Began as a Tengu Air Elementalist on Nov 19, 2021.
             Slain by a hobgoblin (6 damage)
             ... led by Robin
             ... on level 2 of the Dungeon.
             The game lasted 00:06:56 (893 turns).

spaced the Gusty (Tengu Air Elementalist)            Turns: 893, Time: 00:06:56

Health: -3/19      AC:  2    Str:  8    XL:     3   Next: 27%
Magic:  0/7        EV: 12    Int: 16    God:
Gold:   24         SH:  0    Dex: 14    Spells: 0/6 levels left

rFire    . . .     SeeInvis .   e - +2 dagger (flame)
rCold    . . .     Faith    .   (no shield)
rNeg     . . .     Spirit   .   a - +0 robe
rPois    .         Reflect  .   (helmet restricted)
rElec    .         Harm     .   (no cloak)
rCorr    .         Rampage  .   (no gloves)
Will     .....                  (boots unavailable)
Stlth    +.........             (no amulet)
HPRegen  0.06/turn              (no ring)
MPRegen  0.10/turn              (no ring)

@: silenced
A: beak, talons 3
a: no special abilities


You were on level 2 of the Dungeon.
You visited 1 branch of the dungeon, and saw 2 of its levels.

You collected 24 gold pieces.

Inventory:

Hand Weapons
 b - a +0 hand axe
 e - a +2 dagger of flaming (weapon)
Armour
 a - a +0 robe (worn)
Scrolls
 d - a scroll of magic mapping
Potions
 c - a potion of mutation {unknown}


   Skills:
 + Level 2.6 Dodging
 + Level 2.0 Stealth
 + Level 2.4 Spellcasting
 + Level 1.5 Conjurations
 + Level 4.8 Air Magic


You couldn't memorise any spells.
You knew the following spells:

 Your Spells              Type           Power      Damage    Failure   Level
a - Shock                 Conj/Air       48%        1d6       5%          1
b - Static Discharge      Conj/Air       12%        N/A       9%          2
c - Swiftness             Air            17%        N/A       9%          3

Your spell library contained the following spells:

 Spells                   Type           Power      Damage    Failure   Level
 Mephitic Cloud           Conj/Pois/Air  8%         N/A       26%         3
 Airstrike                Air            8%         N/A       28%         4
 Ignite Poison            Fire/Tmut/Pois 1%         N/A       52%         3
 Bolt of Magma            Conj/Fire/Erth 1%         4d4       99%         5


Dungeon Overview and Level Annotations

Branches:
Dungeon (2/15)

Altars:

Annotations:
D:2 Robin


Innate Abilities, Weirdness & Mutations

You have a beak for a mouth.
You have claws for feet.


Message History

Aiming: Shock (safe; 5% risk of failure)
Press: ? - help, Shift-Dir - straight line The zap hits Robin.
Robin is lightly wounded.
The zap misses Robin.
Robin hits you from afar with a +0 spear.
Things that are here:
a +0 hunting sling; a +0 dagger; 19 stones You barely miss the goblin.
A hobgoblin comes into view.
The goblin hits you with a +0 dagger.
You hit the goblin. You burn the goblin.
You kill the goblin!
Robin completely misses you. The hobgoblin hits you.
* * * LOW HITPOINT WARNING * * *
Robin roars a battlecry!
The hobgoblin goes into a battle-frenzy!
You see here a +0 dagger.
Casting: Shock (safe; 5% risk of failure)
Confirm with . or Enter, or press ? or * to list all spells.
Aiming: Shock (safe; 5% risk of failure)
Press: ? - help, Shift-Dir - straight line, f - hobgoblin
Aim: a hobgoblin (strong, 68% to hit)
Okay, then.
Casting: Shock (safe; 5% risk of failure)
Confirm with . or Enter, or press ? or * to list all spells.
You don't have enough magic to cast this spell.
Casting: Shock (safe; 5% risk of failure)
Confirm with . or Enter, or press ? or * to list all spells.
Aiming: Shock (safe; 5% risk of failure)
Press: ? - help, Shift-Dir - straight line, f - hobgoblin
Aim: a hobgoblin (strong, 68% to hit)
The zap hits the hobgoblin.
The hobgoblin is almost dead.
The hobgoblin closely misses you.
As you read the scroll labelled UMESUA VUIMIGI, it crumbles to dust.
A profound silence engulfs you.
It was a scroll of silence.
The hobgoblin hits you.
You die...

#.# ###)#########
#<#.g.......#
#.#########g#########
#.........#.#.......#
#########.#.#.#####.#
#...#.#.# #.#
#.###.#.#####.#
#.......g@....#
#####.#g#######
#.#...# #.###)#
#..g.g# #######


You could see Robin and a hobgoblin (strong).

Vanquished Creatures
  A dart slug (D:1)
  2 ball pythons (D:1)
  3 endoplasms (D:1)
  7 goblins
  3 hobgoblins
  3 quokkas (D:1)
  3 bats (D:1)
  2 frilled lizards (D:1)
  A kobold (D:1)
  A rat (D:1)
26 creatures vanquished.

Vanquished Creatures (others)
  4 toadstools (D:1)
4 creatures vanquished.

Grand Total: 30 creatures vanquished

Notes
Turn   | Place    | Note
-------+----------+-------------------------------------------
     0 | D:1      | spaced the Tengu Air Elementalist began the quest for the
                  | Orb.
     0 | D:1      | Reached XP level 1. HP: 10/10 MP: 4/4
   166 | D:1      | Reached XP level 2. HP: 12/15 MP: 1/6
   169 | D:1      | Learned a level 2 spell: Static Discharge
   580 | D:1      | Reached XP level 3. HP: 19/19 MP: 4/7
   584 | D:1      | Learned a level 3 spell: Swiftness
   842 | D:2      | Noticed Robin
   893 | D:2      | Slain by a hobgoblin

Illustrated notes

Levels and vault maps discovered:
D:1:      ldierk_water_garden, layout_loops_cross
D:2:      kennysheep_six_static_rooms, layout_basic,
          dreamdust_ecumenical_altar_sealed_demon, minmay_pentomino_z4,
          uniq_sigmund, uniq_robin

Action                   || total
-------------------------++-------
Melee: Hand axe          ||     9
       Kick              ||     7
       Peck              ||     3
       Dagger            ||     8
 Cast: Shock             ||    35
       Swiftness         ||     1
  Use: Scroll            ||     2
 Stab: Sleeping          ||     1
Armor: Robe              ||     5
Dodge: Dodged            ||    18
